 Dungeon Crawl Stone Soup version 0.28.0 (webtiles) character file.

Game seed: 6536285479301372633

543 mathmaestro the Shield-Bearer (level 7, -11/44 HPs)
             Began as a Gargoyle Fighter on Feb 10, 2022.
             Was a Follower of Okawaru.
             Mangled by an ogre (24 damage)
             ... on level 4 of the Dungeon.
             The game lasted 00:07:08 (4205 turns).

mathmaestro the Shield-Bearer (Gargoyle Fighter)    Turns: 4205, Time: 00:07:09

Health: -11/44     AC: 13    Str: 19    XL:     7   Next: 27%
Magic:  18/18      EV:  9    Int:  9    God:    Okawaru [*.....]
Gold:   207        SH:  6    Dex: 11    Spells: 6/6 levels left

rFire   . . .      SeeInvis .   a - +0 flail
rCold   . . .      Faith    .   c - +1 buckler
rNeg    + . .      Spirit   .   b - +0 scale mail
rPois   ∞          Reflect  .   (no helmet)
rElec   +          Harm     .   (no cloak)
rCorr   .          Rampage  .   (no gloves)
Will    .....                   w - +0 pair of boots
Stlth   ..........              (no amulet)
HPRegen 0.14/turn               l - ring of magical power
MPRegen 0.16/turn               (no ring)

@: no status effects
A: sickness immunity, AC +4, negative energy resistance 1, electricity
resistance, torment resistance 1, petrification resistance
a: Renounce Religion, Heroism


You were on level 4 of the Dungeon.
You worshipped Okawaru.
Okawaru was aware of your devotion.
You visited 1 branch of the dungeon, and saw 4 of its levels.
You also visited: Sewer.

You collected 207 gold pieces.

Inventory:

Hand Weapons
 a - a +0 flail (weapon)
Missiles
 p - 2 poisoned darts (quivered)
Armour
 b - a +0 scale mail (worn)
 c - a +1 buckler (worn)
 w - a +0 pair of boots (worn)
Jewellery
 h - a ring of ice
 l - a ring of magical power (left hand)
Scrolls
 f - 4 scrolls of identify
 j - 3 scrolls of immolation
 k - a scroll of summoning {unknown}
 m - 2 scrolls of magic mapping
 q - a scroll of teleportation {unknown}
 s - a scroll of amnesia {unknown}
 t - a scroll of silence {unknown}
 v - 2 scrolls of enchant weapon {unknown}
Potions
 d - a potion of curing {unknown}
 e - 2 potions of heal wounds {unknown}
 g - a potion of berserk rage {unknown}
 i - a potion of cancellation {unknown}
 n - a potion of mutation {unknown}
 o - a potion of invisibility {unknown}
 r - 2 potions of degeneration {unknown}
 u - a potion of attraction {unknown}


   Skills:
 - Level 5.0 Fighting
 + Level 4.0 Maces & Flails
 + Level 4.9 Armour
 - Level 5.0 Shields
 + Level 2.8 Invocations


You had 6 spell levels left.
You didn't know any spells.
Your spell library contained the following spells:

 Spells                   Type           Power      Damage    Failure   Level
 Foxfire                  Conj/Fire      0%         2x1d4     83%         1
 Pain                     Necr           0%         1d4       83%         1
 Ensorcelled Hibernation  Hex/Ice        0%         N/A       92%         2
 Conjure Flame            Conj/Fire      0%         6-21      99%         3
 Ignite Poison            Fire/Tmut/Pois 0%         N/A       99%         3
 Inner Flame              Hex/Fire       0%         N/A       99%         3
 Mephitic Cloud           Conj/Pois/Air  0%         N/A       99%         3
 Spider Form              Tmut/Pois      0%         N/A       99%         3
 Vampiric Draining        Necr           0%         2d6       99%         3
 Anguish                  Hex/Necr       0%         N/A       100%        4
 Flame Wave               Conj/Fire      0%         2d4       100%        4
 Freezing Cloud           Conj/Ice/Air   0%         6-21      100%        5
 Animate Skeleton         Necr           Unusable   N/A       N/A         1

Dungeon Overview and Level Annotations

Branches:
Dungeon (4/15)              Sewer (visited)
 Temple: D:4-7

Altars:
Okawaru

Shops:
D:4 *


Innate Abilities, Weirdness & Mutations

You are immune to sickness and miasma.
Your stone body is resilient. (AC +4)
You are immune to poison.
You resist negative energy. (rN+)
You are resistant to electric shocks. (rElec)
You are resistant to unholy torment.
You are immune to petrification.


Message History

The ogre shouts!
A hound comes into view.
The hound barks!
The ogre barely misses you.
Throw: 4 darts (poison)
Press: ? - help, Q - select action, (/) - cycle Shift-Dir - straight line, f - ogre
Aim: an ogre, wielding a +0 giant club (73% to hit)
You throw a poisoned dart. The poisoned dart hits the ogre.
The ogre is poisoned.
The ogre hits you with a +0 giant club!
Throw: 3 darts (poison)
Press: ? - help, Q - select action, (/) - cycle Shift-Dir - straight line, f/p - ogre
Aim: an ogre, wielding a +0 giant club (lightly wounded, poisoned, 73% to hit)
You throw a poisoned dart. The poisoned dart hits the ogre.
The ogre looks even sicker.
The ogre is lightly wounded.
You block the ogre's attack. The ogre hits you but does no damage.
You hit the ogre.
The ogre is heavily wounded.
The ogre looks more healthy.
The ogre closely misses you.
You barely miss the ogre.
The ogre is heavily wounded.
The ogre hits you with a +0 giant club!!
You hit the ogre.
The ogre is severely wounded.
The hound stops to sniff the ground.
The ogre closely misses you.
You barely miss the ogre.
The ogre is severely wounded.
The ogre hits you with a +0 giant club.
* * * LOW HITPOINT WARNING * * *
You hit the ogre but do no damage.
The ogre is severely wounded.
You block the ogre's attack.
You sock the ogre!
The ogre is almost dead.
The ogre hits you with a +0 giant club!!
Ouch! That really hurt!
You die...

#.........# #.........#
#.........# #.........#
### #.##....†....# #.#
#.##.........# #.#
#.##.........# #.#
#.##....###############.#
........'.......@Oh....>#
..##....###############.#
........# ##...# #.#
........# ......# #h#
....##### ....... #.#
....## ## .......##.#
......##.. .......(..#
....#.##.# #########.#
....#.##.#### #.#####.#


You could see an ogre and a hound.

Vanquished Creatures
  Pargi (Sewer)
  A necrophage (D:4)
  An ogre (D:4)
  A water moccasin skeleton (D:4)
  An iguana (D:4)
  Natasha (thrice) (D:3)
  6 adders
  A worm (D:3)
  A dart slug (D:4)
  3 orcs (D:4)
  6 endoplasms
  8 goblins
  8 hobgoblins
  2 quokkas
  4 ball pythons
  9 bats
  6 frilled lizards
  8 kobolds
  4 rats (D:1)
74 creatures vanquished.

Notes
Turn   | Place    | Note
-------+----------+-------------------------------------------
     0 | D:1      | mathmaestro the Gargoyle Fighter began the quest for the
                  | Orb.
     0 | D:1      | Reached XP level 1. HP: 14/14 MP: 1/1
   226 | D:1      | Reached XP level 2. HP: 7/19 MP: 2/2
  1205 | D:2      | Reached XP level 3. HP: 24/24 MP: 3/3
  1440 | D:2      | Reached XP level 4. HP: 16/29 MP: 4/4
  1836 | D:2      | Found an iron altar of Okawaru.
  1844 | D:2      | Became a worshipper of Warmaster Okawaru
  2278 | D:3      | Noticed Natasha
  2292 | D:3      | Killed Natasha
  2323 | D:3      | Found a glowing drain.
  2329 | D:3      | Noticed Natasha
  2333 | Sewer    | Entered a sewer
  2596 | Sewer    | Noticed Pargi
  2617 | Sewer    | Killed Pargi
  2618 | Sewer    | Reached skill level 1 in Invocations
  2618 | Sewer    | Reached XP level 5. HP: 13/34 MP: 6/6
  2861 | D:3      | Killed Natasha
  2862 | D:3      | Reached XP level 6. HP: 32/39 MP: 7/7
  2920 | D:3      | Noticed Natasha
  2939 | D:3      | Killed Natasha
  3499 | D:4      | Found Volucky's Gadget Gallery.
  3591 | D:4      | Reached * piety under Okawaru
  4038 | D:4      | Noticed a necrophage
  4052 | D:4      | Killed a necrophage
  4053 | D:4      | Reached skill level 5 in Fighting
  4053 | D:4      | Reached skill level 5 in Shields
  4053 | D:4      | Reached XP level 7. HP: 32/44 MP: 9/9
  4205 | D:4      | Mangled by an ogre

Illustrated notes

Levels and vault maps discovered:
D:1:      dpeg_arrival_simpleton_a, layout_loops_corners, serial_rivers,
          chequers_serial_rivers_large_b, chequers_serial_rivers_room_b,
          chequers_serial_rivers_room_a, chequers_serial_rivers_micro_a,
          nrook_campfire
D:2:      minmay_inner_zag, layout_rooms, basic_altar, serial_bayou_pond_d,
          minmay_pentomino_z4
D:3:      layout_basic, cheibrodos_sewer_entry_sluice, uniq_natasha
D:4:      minmay_angry_zag, layout_basic, nicolae_shop_gadgets

Skill      XL: |  1  2  3  4  5  6  7 |
---------------+----------------------+-----
Shields        | 4 5 |  5.0
Fighting       | 4 5 |  5.0
Armour         | 4 |  4.9
Maces & Flails | 3 4 |  4.0
Invocations    | 1 2 |  2.8

Action                   |  1- 3 |  4- 6 |  7- 9 || total
-------------------------+-------+-------+-------++-------
Melee: Flail             |   116 |   178 |     9 ||   303
Throw: Dart              |       |    11 |     2 ||    13
  Use: Scroll            |       |     4 |       ||     4
       Potion            |       |     1 |       ||     1
Armor: Scale mail        |    72 |   144 |     2 ||   218
Dodge: Dodged            |    70 |   102 |     3 ||   175
Block: Buckler           |    29 |    70 |     3 ||   102
